Map: Newkirk Precinct TE (Void)

Players

Trizztein

  • Race: Terran Terran
  • League: Diamond
  • Spawn Location: 5:00

A.I. 1 (Medium) - Winner!

  • Race: Terran Terran
  • Spawn Location: 7:00

VOD

Have the link to the VOD?

Description

Time

  • Played on: Dec. 13, 2016, 5:45 p.m.
  • Length: 12:51
Show
View Real Time Build Order
Export as new Build Order

Trizztein Terran 

Build Orders: Reaper Expand, Mech 

Get SALT Encoding   

  12  0:00  SCV  
  13  0:12  SCV  
  14  0:18  Supply Depot  
  14  0:25  SCV  
  15  0:40  SCV  
  15  0:42  Barracks  
  16  0:46  Refinery  
  16  0:52  SCV  
  17  1:04  SCV  
  18  1:16  SCV  
  19  1:31  Orbital Command  
  19  1:32  Reaper  
  20  1:49  Command Center  
  20  1:59  SCV, Supply Depot  
  21  2:04  Marine  
  22  2:11  SCV  
  23  2:16  Factory  
  23  2:23  Barracks Reactor  
  23  2:25  Refinery  
  23  2:27  SCV  
  24  2:39  SCV  
  25  2:50  Bunker  
  25  2:51  SCV  
  26  3:01  Marine x2, Starport  
  26  3:03  Orbital Command  
  28  3:08  Factory Tech Lab  
  28  3:09  SCV  
  29  3:20  Marine x2  
  29  3:21  SCV  
  32  3:30  SCV, Refinery  
  32  3:33  SCV  
  34  3:37  Starport Tech Lab  
  34  3:42  SCV, Supply Depot  
  34  3:45  SCV  
  34  3:46  Marine  
  34  3:47  Marine  
  38  3:54  SCV  
  39  3:56  Raven  
  39  3:57  SCV  
  39  4:01  Siege Tank  
  45  4:05  Marine  
  45  4:06  SCV  
  45  4:07  Marine  
  45  4:09  SCV  
  49  4:14  Supply Depot  
  49  4:18  SCV  
  49  4:21  SCV  
  51  4:25  Marine x2  
  51  4:30  SCV  
  54  4:36  SCV, Siege Tank  
  54  4:37  Supply Depot  
  58  4:42  SCV  
  59  4:48  SCV  
  59  4:50  Medivac  
  62  4:57  Command Center  
  62  4:58  SCV, Medivac  
  65  5:00  SCV  
  65  5:01  Supply Depot  
  65  5:03  Barracks Reactor  
  66  5:10  SCV  
  66  5:12  SCV  
  68  5:14  Refinery  
  68  5:22  SCV, Factory  
  68  5:23  Armory  
  68  5:24  SCV  
  68  5:25  Supply Depot  
  70  5:31  Siege Tank  
  70  5:35  SCV  
  74  5:36  SCV  
  75  5:43  Marine x2, Factory  
  75  5:47  SCV  
  75  5:49  SCV  
  79  5:59  SCV  
  79  6:02  SCV  
  81  6:07  Supply Depot  
  81  6:09  Engineering Bay  
  81  6:11  SCV  
  82  6:12  Supply Depot  
  82  6:14  Orbital Command  
  82  6:15  SCV  
  83  6:23  SCV  
  84  6:27  SCV  
  84  6:29  Refinery, Terran Vehicle Weapons Level 1  
  84  6:32  Supply Depot  
  85  6:33  Refinery  
  85  6:35  SCV, Supply Depot  
  85  6:39  SCV  
  90  6:40  Supply Depot, Siege Tank x2  
  90  6:41  SCV  
  94  6:47  SCV  
  94  6:51  SCV  
  94  6:53  SCV  
  97  6:59  SCV  
  98  7:02  Viking x2  
  98  7:03  SCV  
  98  7:06  SCV, Supply Depot  
  98  7:07  Supply Depot  
  104  7:09  Cyclone x2  
  104  7:11  SCV  
  104  7:15  SCV  
  112  7:21  Siege Tank x2  
  118  7:31  Supply Depot  
  118  7:33  Supply Depot  
  118  7:34  Missile Turret  
  118  7:38  Missile Turret x2  
  118  7:41  Cyclone  
  124  7:48  Cyclone  
  124  7:49  Command Center  
  124  7:53  Cyclone, Siege Tank  
  124  7:54  Viking x2  
  134  8:01  Supply Depot  
  134  8:02  Barracks Reactor  
  134  8:03  Supply Depot  
  134  8:13  Cyclone  
  134  8:15  Sensor Tower  
  134  8:16  Armory  
  137  8:20  Cyclone  
  137  8:24  Terran Vehicle Weapons Level 2  
  137  8:25  Supply Depot  
  140  8:27  Supply Depot, Siege Tank  
  140  8:32  Hellion  
  145  8:43  Viking x2  
  145  8:45  Hellion  
  151  8:49  Refinery  
  151  8:51  SCV x2  
  151  8:53  Siege Tank  
  151  8:54  Refinery  
  148  9:09  Cyclone x2, Siege Tank  
  152  9:13  Planetary Fortress  
  145  9:24  Terran Vehicle And Ship Armor Level 1  
  145  9:26  Hellion  
  145  9:27  Viking  
  145  9:28  Viking  
  145  9:30  SCV  
  152  9:34  Command Center  
  152  9:36  SCV x2  
  154  9:40  Command Center  
  154  9:41  Hellion  
  154  9:42  SCV  
  157  9:46  Factory  
  157  9:47  Cyclone x2, Factory  
  157  9:50  Barracks Tech Lab  
  163  9:56  Siege Tank  
  166  10:02  Viking  
  166  10:03  Viking  
  166  10:06  Hellion  
  172  10:19  Hellion x2  
  176  10:24  Liberator x2  
  178  10:36  Siege Tank x2  
  185  11:13  Siege Tank x2  
  185  11:14  Cyclone x2  
  194  11:22  Cyclone x2  
  200  11:30  Planetary Fortress  
Show
View Real Time Build Order
Export as new Build Order

A.I. 1 (Medium) Terran - Winner!

Build Orders:  

Get SALT Encoding   

  12  0:00  SCV  
  13  0:13  SCV  
  14  0:20  Supply Depot  
  14  0:25  SCV  
  15  0:42  SCV  
  16  0:44  Barracks  
  16  0:49  Refinery  
  16  0:54  SCV  
  17  1:06  SCV  
  18  1:17  Supply Depot  
  18  1:31  Marine  
  19  1:34  Orbital Command, Barracks  
  19  1:45  Refinery  
  19  1:51  Barracks Tech Lab  
  19  2:09  Marine  
  19  2:12  Supply Depot  
  20  2:21  Marine  
  23  2:30  Marauder  
  23  2:31  SCV  
  24  2:39  Marine  
  24  2:44  SCV  
  26  2:46  Supply Depot  
  26  2:51  Marine  
  27  2:56  SCV, Marine, Engineering Bay  
  29  3:08  SCV  
  29  3:09  Marauder  
  32  3:20  SCV  
  33  3:30  Marauder  
  33  3:32  SCV  
  36  5:07  Barracks Tech Lab  
  36  5:08  SCV  
  36  5:10  Factory  
  36  5:13  Factory  
  37  5:14  Missile Turret  
  37  5:16  Command Center, Missile Turret  
  37  5:18  Barracks  
  37  5:19  Supply Depot  
  37  5:24  Sensor Tower  
  37  5:37  Bunker  
  37  5:43  Supply Depot  
  37  5:47  Marine  
  33  5:56  Armory  
  26  5:58  Marine  
  26  5:59  Factory Tech Lab x2, Starport  
  27  6:09  Marine  
  28  6:18  Barracks Reactor  
  28  6:20  Marine  
  29  6:29  SCV  
  29  6:30  Marine  
  29  6:32  SCV  
  32  6:39  Refinery, Starport Tech Lab  
  32  6:40  Missile Turret  
  32  6:41  SCV  
  32  6:42  Marauder  
  32  6:44  SCV  
  36  6:52  Marine  
  36  6:53  SCV, Missile Turret  
  38  6:56  SCV  
  38  6:59  Raven  
  41  7:03  Marauder  
  41  7:05  SCV  
  44  7:09  SCV  
  44  7:14  Siege Tank, Bunker  
  48  7:17  SCV  
  48  7:21  SCV  
  50  7:24  Siege Tank  
  50  7:29  SCV  
  54  7:33  SCV  
  55  7:41  Raven, SCV  
  58  7:45  SCV, Widow Mine  
  61  7:54  SCV  
  61  7:56  Widow Mine  
  61  7:57  SCV  
  65  8:06  SCV  
  65  8:09  SCV  
  67  8:13  Refinery  
  67  8:18  SCV  
  68  8:25  SCV  
  68  9:06  SCV  
  68  9:09  SCV  
  59  9:14  Marine  
  54  9:18  SCV  
  54  9:21  SCV  
  54  9:23  Marine  
  51  9:24  Combat Shields, Medivac, Starport  
  51  9:25  Stimpack  
  51  9:27  Supply Depot  
  51  9:28  Marine  
  51  9:30  SCV, Command Center  
  55  9:33  Marine  
  56  9:41  Marauder  
  56  9:43  Marine  
  59  9:48  Marine  
  59  9:51  Supply Depot  
  60  9:53  Widow Mine  
  60  9:54  Medivac  
  60  9:59  SCV, Marauder  
  67  10:01  Starport Tech Lab  
  67  10:02  SCV  
  67  10:03  Reaper  
  69  10:08  Marine  
  69  10:09  Terran Infantry Weapons Level 1  
  69  10:11  SCV  
  69  10:13  Marine  
  73  10:14  SCV  
  73  10:16  Supply Depot  
  73  10:19  Marine  
  74  10:24  Raven  
  74  10:26  Ghost Academy, Marine  
  77  10:31  Marine  
  77  10:33  Fusion Core  
  78  10:37  Marine  
  78  10:38  Engineering Bay  
  78  10:39  Marauder  
  81  10:43  Concussive Shells  
  81  10:44  SCV, Reaper  
  81  10:45  Armory  
  81  10:47  SCV  
  81  10:49  Cyclone  
  87  10:50  SCV  
  87  10:56  SCV, Marauder  
  91  10:58  Missile Turret  
  91  10:59  SCV  
  93  11:05  Viking  
  69  11:25  Raven  
  69  11:32  Marine  
  71  11:35  Raven  
  71  11:37  Marine  
  74  11:40  Command Center  
  74  11:42  Marine  
  75  11:47  Marine  
  75  11:51  SCV  
  75  11:52  Marine  
  78  11:54  SCV  
  78  11:57  Marine  
  79  12:03  SCV  
  79  12:06  SCV  
  80  12:10  Marauder  
  80  12:15  SCV  
  83  12:18  SCV  
  84  12:27  Marine, SCV  
  83  12:30  SCV  
  55  12:39  SCV  
Tags
 
Composition
Mech
League
Diamond
Matchup
TvT
Race
Terran
Spawn Locations
Close Positions
Add a new tag
Caveats
  • Supply blocks, unpowered buildings, or Contaminate may cause inaccurate times.
  • Supply counts are checked every 10 seconds.